 BcadrenCrawl: Boulder Brew version 0.04-3-g5ec7fb31a4 (webtiles) character file.

Game seed: 17838333358369201447, levelgen mode: deterministic

45 Chiseanne the Ducker (level 3, -4/25 HPs) Goblin Demonspawn. Began on Mar 21, 2021. Splashed by a jelly's acid (5 damage) ... on level 2 of the Dungeon. The game lasted 00:01:29 (911 turns).

Chiseanne the Ducker (Goblin Demonspawn)             Turns: 911, Time: 00:01:29

Health: -4/25      AC: -4    Str:  8    XL:     3 ^: 4
Magic:  4/4        EV: 14    Int:  6    God:
Gold:   59         SH:  0    Dex:  6    Spells: 5/6 levels left

rFire    . . .     Vision   .   a - +0 long sword
rCold    . . .     Gourm    .   f - +0 dagger (acid)
rNeg     . . .     Faith    .   b - +0 leather armour
rPois    .         Spirit   .   (no helmet)
rElec    .         Reflect  .   i - +0 cloak
rCorr    .         Harm     .   (no gloves)
MR       .....                  (no boots)
Stlth    +++.......             (no amulet)
HPRegen  0.18/turn              (no ring)
MPRegen  0.14/turn              (no ring)

@: corroded
A: small, stagnant stats, goblin's greed, low mp 1, mutation resistance 1,
nightstalker 1, god's pity 2
a: no special abilities


You were on level 2 of the Dungeon.
You were not hungry.

You visited 1 branch of the dungeon, and saw 2 of its levels.

You collected 49 gold pieces.

Inventory:

Weapons
 a - a +0 long sword (weapon)
 f - a +0 dagger of caustic ooze (weapon)
 w - a +0 hunting sling
Armour
 b - a +0 leather armour (worn)
 i - a +0 cloak (worn)
Jewellery
 c - a cursed ring of protection {(Curse: Slay-2)}
 e - a cursed ring of protection from magic {(Curse: *Drain)}
Potions
 g - a potion of brilliance
 h - a potion of berserk rage
Comestibles
 d - 2 rations


   Skills:
 * Level 2.4 Fighting
 - Level 2.6 Long Blades
 * Level 4.5 Dodging
 * Level 3.2 Stealth
 * Level 2.2 Spellcasting
 - Level 2.6 Fire Magic
   Level 4.0 Invocations


You had 5 spell levels left.
You knew the following spells:

 Your Spells              Type           Power        Failure   Level  Hunger
a - Flame Tongue          Fire           3 (30)       16%         1    ##.....

Your spell library contained the following spells:

 Spells                   Type           Power        Failure   Level  Hunger
 Conjure Flame            Fire           3 (100)      43%         3    ####...
 Blink                    Tloc           N/A          58%         2    ###....
 Call Imp                 Summ           0 (100)      58%         2    ###....
 Slow                     Hex            0 (100)      58%         2    ###....
 Mephitic Cloud           Pois/Air       0 (100)      82%         3    ####...


Dungeon Overview and Level Annotations

Branches:
Dungeon (2/8)

Altars:


Innate Abilities, Weirdness & Mutations

Your stats never grow through leveling.
Your goblin ancestry allows you to find more gold. (+20%)
You are small and have problems with some larger weapons.
Your magical capacity is low. (-10% MP)
You are somewhat resistant to further mutation.
You are slightly more attuned to the shadows.
The pity of the gods increases the power of your passive and invoked divine abilities.


Message History

The giant cockroach bites the withered plant (1).
The giant cockroach bites the withered plant but does no damage.
The giant cockroach splashes around in the water.
The giant cockroach bites the withered plant but does no damage.
You hit the jelly (4). The acid corrodes you!
Your hands burn (2).
You hit the jelly but do no damage.
Your hands burn (3).
The giant cockroach bites the withered plant (1). x2
The jelly barely misses you (0).
The giant cockroach bites the withered plant but does no damage.
The jelly hits you (1).
You are splashed with acid (6).
You hit the jelly (6).
Your hands burn (1).
You hit the jelly (2). The acid corrodes you!
Your hands burn (2).
The giant cockroach bites the withered plant but does no damage.
The jelly hits you (3).
You are splashed with acid (5).
* * * LOW HITPOINT WARNING * * *
The giant cockroach splashes around in the water.
The jelly hits you (2).
* * * LOW HITPOINT WARNING * * *
You are splashed with acid (5).
You die...

≈ ## ≈≈ #≈ ≈≈≈
#≈ ≈≈≈≈
#..##≈#####≈P≈≈≈
..≈≈≈≈≈@J≈≈P≈≈≈≈
≈≈≈≈≈≈≈≈≈≈≈P≈≈≈≈
≈≈≈≈≈≈≈≈≈P≈≈≈≈≈≈
≈≈≈≈≈≈≈≈≈PP≈≈≈≈≈
≈≈≈≈≈≈≈≈≈≈s≈....
≈≈≈≈≈≈≈≈≈≈PP≈.≈≈
≈b≈≈≈.≈≈≈PPPP.≈.


You could see a jelly and a giant cockroach.

Vanquished Creatures
  A cinder newt (D:1)
  2 dart slugs (D:1)
  A leopard gecko (D:1)
  An adder skeleton (D:2)
  3 ball pythons (D:1)
  3 bats (D:1)
  A cinder newt skeleton (D:2)
  3 goblins (D:1)
  6 hobgoblins (D:1)
  6 kobolds (D:1)
  2 rats (D:1)
  2 withered plants (D:2)
31 creatures vanquished.

Vanquished Creatures (others)
  10 withered plants (D:2)
10 creatures vanquished.

Grand Total: 41 creatures vanquished

Notes
Turn   | Place    | Note
-------+----------+-------------------------------------------
     0 | D:1      | Chiseanne the Goblin Demonspawn began the quest for the
                  | Orb.
     0 | D:1      | Reached XP level 1. HP: 13/13 MP: 2/2
    49 | D:1      | Gained mutation: You are slightly more attuned to the
                  | shadows. [demonic ancestry]
    49 | D:1      | Reached XP level 2. HP: 17/19 MP: 3/3
   279 | D:1      | Reached XP level 3. HP: 24/24 MP: 4/4
   911 | D:2      | HP: 1/25 [jelly (2)]
   911 | D:2      | Splashed by a jelly's acid

Levels and vault maps discovered:
D:1:      giann_forest_graveyard, layout_basic
D:2:      gammafunk_wand_slinger, layout_sewer, grunt_temple_overflow_open

Skill      XL: |  1  2  3 |
---------------+----------+-----
Fighting       | 2 |  2.4
Stealth        | 3 |  3.2
Spellcasting   | 2 |  2.2
Long Blades    | |  2.6
Dodging        | |  4.5
Fire Magic     | |  2.6
Invocations    | |  4.0

Action                   || total
-------------------------++-------
Melee: Long sword        ||    61
       Unarmed           ||    15
       Dagger            ||    27
 Stab: Sleeping          ||     4
Armor: Leather armour    ||     7
Dodge: Dodged            ||    77
       Rpst.: Long sword ||    22
